 Dungeon Crawl Stone Soup version 0.22-a0-305-gd21a89c (webtiles) character file.

27423 Kikal the Hand of Fortune (level 13, -1/98 HPs)
             Began as a Mummy Monk on Mar 31, 2018.
             Was the Champion of Nemelex Xobeh.
             Slain by a seven-headed hydra (5 damage)
             ... on level 6 of the Lair of Beasts.
             The game lasted 01:45:59 (27489 turns).

Kikal the Hand of Fortune (Mummy Monk)             Turns: 27489, Time: 01:45:59

Health: -1/98      AC: 11    Str: 24    XL:     13   Next: 4%
Magic:  0/21       EV: 14    Int: 13    God:    Nemelex Xobeh [******]
Gold:   941        SH:  6    Dex: 14    Spells: 12/12 levels left

rFire    . . .     SeeInvis .     - Unarmed
rCold    . . .     Gourm    .   K - +1 buckler of Responsibility {rN+ MR++}
rNeg     + + +     Faith    .   a - +2 ring mail of Hairiness {rPois rCorr Int+4}
rPois    ∞         Spirit   +   t - +0 helmet
rElec    .         Reflect  .   (no cloak)
rCorr    +         Harm     .   N - +0 pair of gloves
MR       +++..                  (no boots)
Stlth    +.........             F - amulet of guardian spirit
HPRegen  0.26/turn              w - ring of fire
MPRegen  0.17/turn              D - +4 ring of strength

@: about to teleport
A: no food or potions, fire vulnerability, cold resistance 1, negative energy
resistance 3, torment resistance, unbreathing, in touch with death 1
a: Triple Draw, Deal Four, Stack Five, Renounce Religion


You were on level 6 of the Lair of Beasts.
You worshipped Nemelex Xobeh.
Nemelex Xobeh was exalted by your worship.
You were not hungry.

You visited 3 branches of the dungeon, and saw 17 of its levels.

You collected 941 gold pieces.

Inventory:

Hand Weapons
 h - the cursed +3 hand crossbow of Change {penet, rC+ Str+6, unknown}
   (You found it on level 7 of the Dungeon)

   Ammo fired by it will pass through the targets it hits, potentially hitting
   all targets in its path until it reaches maximum range.
   It affects your strength (+6).
   It protects you from cold.
   It has a curse placed upon it.
 O - a +0 blowgun
Missiles
 e - 248 arrows
 k - 49 poisoned needles
 p - 284 stones (quivered)
 z - 19 tomahawks
 S - 5 curare-tipped needles
Armour
 a - the +2 ring mail of Hairiness (worn) {rPois rCorr Int+4}
   (You found it on level 6 of the Dungeon)

   It affects your intelligence (+4).
   It protects you from poison.
   It protects you from acid and corrosion.
 o - a +0 robe of magic resistance
 r - a +0 troll leather armour
 t - a +0 helmet (worn)
 K - the +1 buckler of Responsibility (worn) {rN+ MR++}
   (You found it on level 1 of the Lair of Beasts)

   It protects you from negative energy.
   It affects your resistance to hostile enchantments.
 N - a +0 pair of gloves (worn)
Jewellery
 u - an uncursed ring of ice
 w - a ring of fire (left hand)
 D - a +4 ring of strength (right hand)
 F - an amulet of guardian spirit (around neck)
 M - an uncursed amulet of regeneration
Wands
 m - a wand of polymorph (17)
 B - a wand of disintegration (2)
 C - a wand of flame (12)
 J - a wand of iceblast (15)
Scrolls
 b - 3 scrolls of fog {unknown}
 c - 11 scrolls of remove curse
 f - 5 scrolls of amnesia
 g - 6 scrolls of teleportation
 i - 4 scrolls of enchant weapon
 j - 3 scrolls of random uselessness {unknown}
 n - a scroll of immolation {unknown}
 s - 3 scrolls of vulnerability {unknown}
 v - a scroll of magic mapping {unknown}
 y - 2 scrolls of blinking {unknown}
 A - 2 scrolls of enchant armour
 G - a scroll of noise {unknown}
 H - 5 scrolls of identify
Miscellaneous
 d - a legendary deck of summoning
 x - a legendary deck of summoning {drawn: 4}
 E - an ornate deck of summoning
 I - an ornate deck of destruction
 L - a legendary deck of destruction
 R - an ornate deck of escape {drawn: 4}
 U - an ornate deck of summoning {drawn: 3}


   Skills:
 - Level 8.2 Fighting
 - Level 7.0 Armour
 + Level 5.9 Dodging
 - Level 1.5 Stealth
 - Level 4.0 Shields
 * Level 10.9 Unarmed Combat
 * Level 11.1 Invocations


You had 12 spell levels left.
You didn't know any spells.

Dungeon Overview and Level Annotations

Branches:
Dungeon (10/15)            Temple (1/1) D:4            Lair (5/6) D:10
  Swamp (0/4) Lair:3        Snake (0/4) Lair:2          Orc (0/2) D:9
  Slime: Lair:5-6

Altars:
Ashenzari
Cheibriados
Dithmenos
Elyvilon
Fedhas
Gozag
Hepliaklqana
Kikubaaqudgha
Makhleb
Nemelex Xobeh
Okawaru
Qazlal
Ru
Sif Muna
Trog
Uskayaw
Vehumet
Wu Jian
Xom
Yredelemnul
Zin
The Shining One

Shops:
D:4 }   D:5 [*%*   D:10 *

Annotations:
D:7 exclusions: hippogriff and 1 more exclusion


Innate Abilities, Weirdness & Mutations

You do not eat or drink.
Your flesh is vulnerable to fire.
You are immune to poison.
Your flesh is cold resistant. (rC+)
You are immune to negative energy. (rN+++)
You are immune to unholy pain and torment.
You can survive without breathing.
You are in touch with the powers of death.


Message History

The seven-headed hydra bites your shock serpent.
Your shock serpent dies!
Your shock serpent's corpse disappears in a puff of smoke!
The seven-headed hydra bites your hell hound!
Your hell hound dies!
Your hell hound's corpse disappears in a puff of smoke!
The blink frog croaks.
Evoke which item? (* to show all) (? for menu, Esc to quit)
Okay, then.
Evoke which item? (* to show all) (? for menu, Esc to quit)
You draw a card...
It is the Tomb.
Nothing appears to happen.
You hear a loud, deep croak!
The seven-headed hydra bites you.
* * * LOW HITPOINT WARNING * * *
The seven-headed hydra barely misses you.
The seven-headed hydra bites you!
* * * LOW HITPOINT WARNING * * *
The seven-headed hydra bites you!
You die...
Your body disappears without a glow.

### #####
##@###...##
###D##PP..P##
#.DF4.....l.#
#..†††...?.# ##
#...F††....#
#.##†...†..#.##
#..F.†..###.#
##.#P......F#P..
....#...........P#


You could see an eight-headed hydra, a seven-headed hydra, a rust devil, a spiny
frog and 3 blink frogs.

Vanquished Creatures
  A spark wasp (Lair:4)
  A hydra (Lair:4)
  A death yak (Lair:5)
  The ghost of 4thArraOfDagon the Reanimator, a novice DgNe (D:8)
  The ghost of Amnesiac the Prestidigitator, a novice KoFi of Gozag (D:6)
  10 spiny frogs
  4 black mambas
  2 rime drakes (Lair:5)
  5 komodo dragons
  A troll (shapeshifter) (Lair:2)
  2 trolls
  2 dream sheep (Lair:6)
  A polar bear (Lair:2)
  2 blink frogs (Lair:1)
  3 hippogriffs
  16 yaks
  A hog (Lair:6)
  A steam dragon (D:10)
  A basilisk (Lair:3)
  A wyvern (D:9)
  Menkaure (D:4)
  6 swamp worms (Lair:3)
  11 water moccasins
  10 porcupines
  2 black bears
  3 phantoms
  2 eyes of draining (D:4)
  3 sky beasts
  5 ogres
  2 centaurs
  9 crocodiles
  13 bullfrogs
  A wyvern skeleton (D:10)
  A scorpion (D:8)
  4 killer bees (D:9)
  4 wights
  An electric eel (Lair:3)
  A howler monkey (D:8)
  A crimson imp (D:5)
  A quasit (D:8)
  A jelly (D:10)
  4 orc priests
  5 hounds
  A gnoll shaman (D:9)
  A centaur skeleton (D:6)
  4 orc wizards
  Natasha (thrice) (D:2)
  Terence (D:2)
  4 hell rats
  2 iguanas
  4 worker ants
  A hound zombie (D:9)
  A hound skeleton (D:8)
  2 worker ant zombies
  16 gnolls
  9 adders
  An ooze (D:3)
  An adder skeleton (D:8)
  2 worms
  3 dart slugs
  2 leopard geckos
  21 orcs
  3 giant cockroaches
  7 goblins
  8 hobgoblins
  11 jackals
  6 quokkas
  13 bats
  6 frilled lizards
  8 kobolds
  A leopard gecko skeleton (D:5)
  3 quokka skeletons
  6 rats
  3 fungi
302 creatures vanquished.

Vanquished Creatures (collateral kills)
  2 two-headed ogres (D:10)
  The ghost of Gorice the Martial Artist, a journeyman DsWn (Lair:3)
  A death yak (Lair:1)
  An unseen horror (D:10)
  A black mamba (Lair:5)
  A gargoyle (D:10)
  2 spiny frogs
  3 komodo dragons
  A rime drake (Lair:6)
  4 blink frogs
  A hornet (D:10)
  2 dream sheep (Lair:6)
  15 yaks
  A steam dragon (Lair:5)
  2 vampire mosquitoes (Lair:6)
  2 water moccasins
  A black bear (D:10)
  A centaur (D:9)
  2 crocodiles (Lair:1)
  3 bullfrogs
  A scorpion (D:7)
  A killer bee (D:10)
  3 wights
  A centaur skeleton (D:10)
  A bullfrog skeleton (D:7)
  An orc (D:7)
55 creatures vanquished.

Vanquished Creatures (others)
  Sonja (Lair:3)
  A dream sheep (Lair:6)
  A crocodile (Lair:6)
  An orc wizard (D:3)
  A giant cockroach (D:3)
  A bush (Lair:6)
  28 fungi
  34 plants
68 creatures vanquished.

Grand Total: 425 creatures vanquished

Notes
Turn   | Place    | Note
-------+----------+-------------------------------------------
     0 | D:1      | Kikal the Mummy Monk began the quest for the Orb.
     0 | D:1      | Reached XP level 1. HP: 18/18 MP: 1/1
   371 | D:1      | Reached XP level 2. HP: 16/24 MP: 2/2
   805 | D:1      | Reached XP level 3. HP: 20/29 MP: 3/3
  1432 | D:2      | Noticed Terence
  1432 | D:2      | Noticed Natasha
  1836 | D:2      | Reached XP level 4. HP: 27/35 MP: 4/4
  2332 | D:2      | Killed Natasha
  2752 | D:2      | Noticed Natasha
  2769 | D:2      | Killed Terence
  2780 | D:2      | Killed Natasha
  2780 | D:2      | Reached XP level 5. HP: 14/41 MP: 5/5
  2999 | D:2      | Noticed Natasha
  3011 | D:2      | Killed Natasha
  3011 | D:2      | Reached skill level 5 in Unarmed Combat
  3464 | D:3      | Found a white marble altar of Elyvilon.
  3658 | D:3      | Reached skill level 1 in Armour
  3699 | D:3      | Reached XP level 6. HP: 24/47 MP: 6/6
  3958 | D:3      | Found a stormy altar of Qazlal.
  4388 | D:4      | Found a shadowy altar of Dithmenos.
  4536 | D:4      | Found Tuotzasi's Gadget Boutique.
  4762 | D:4      | Noticed Menkaure
  5100 | D:4      | Found a staircase to the Ecumenical Temple.
  5115 | Temple   | Entered the Ecumenical Temple
  5176 | Temple   | Became a worshipper of Nemelex Xobeh the Trickster
  5176 | Temple   | Received a gift from Nemelex Xobeh
  5176 | Temple   | Reached * piety under Nemelex Xobeh
  5176 | Temple   | Received a gift from Nemelex Xobeh
  5176 | Temple   | Reached ** piety under Nemelex Xobeh
  5235 | D:4      | Found a bloodstained altar of Trog.
  5569 | D:4      | Received a gift from Nemelex Xobeh
  5971 | D:5      | Entered Level 5 of the Dungeon
  6064 | D:6      | Noticed Amnesiac's ghost (novice KoFi)
  6074 | D:5      | Found Faten's General Store.
  6180 | D:5      | Reached skill level 1 in Invocations
  6180 | D:5      | Reached XP level 7. HP: 52/52 MP: 7/7
  6191 | D:5      | Found Nuppu's Armour Shop.
  6703 | D:5      | Reached skill level 2 in Invocations
  6915 | D:5      | Found Kus Nikeu's Food Boutique.
  7010 | D:5      | Received a gift from Nemelex Xobeh
  7042 | D:5      | Found Urphavve's Assorted Antiques.
  7161 | D:6      | Found a snail-covered altar of Cheibriados.
  7415 | D:4      | Reached skill level 3 in Invocations
  7548 | D:4      | Killed Menkaure
  7548 | D:4      | Reached XP level 8. HP: 51/58 MP: 10/10
  7628 | D:4      | Found a deep blue altar of Sif Muna.
  7631 | D:4      | Found a glowing silver altar of Zin.
  7634 | D:4      | Found an opulent altar of Gozag.
  8058 | D:6      | Killed Amnesiac's ghost
  8058 | D:6      | Reached skill level 4 in Invocations
  8284 | D:6      | Got an encrusted ring mail
  8285 | D:6      | Identified the +2 ring mail of Hairiness {rPois rCorr Int+4} (You found it on level 6 of the Dungeon)
  8329 | D:6      | Reached *** piety under Nemelex Xobeh
  8423 | D:6      | Reached skill level 5 in Invocations
  8710 | D:6      | Received a gift from Nemelex Xobeh
  8763 | D:6      | Found an iron altar of Okawaru.
  8949 | D:7      | Got a bloodstained hand crossbow
  8966 | D:7      | Noticed a hippogriff
  9141 | D:7      | Found an ornate altar of the Wu Jian Council.
  9463 | D:7      | Reached XP level 9. HP: 48/66 MP: 13/13
 10199 | D:8      | Noticed 4thArraOfDagon's ghost (novice DgNe)
 10476 | D:8      | Killed 4thArraOfDagon's ghost
 10476 | D:8      | Reached skill level 6 in Invocations
 10816 | D:8      | Received a gift from Nemelex Xobeh
 11152 | D:9      | Reached **** piety under Nemelex Xobeh
 11288 | D:9      | Received a gift from Nemelex Xobeh
 11300 | D:9      | Reached skill level 5 in Fighting
 12181 | D:9      | Noticed a troll
 12186 | D:9      | Killed a troll
 12186 | D:9      | Reached skill level 5 in Armour
 12186 | D:9      | Reached skill level 7 in Invocations
 12288 | D:9      | Found a staircase to the Orcish Mines.
 12498 | D:9      | Received a gift from Nemelex Xobeh
 12567 | D:10     | Entered Level 10 of the Dungeon
 12647 | D:9      | Reached XP level 10. HP: 66/76 MP: 11/15
 12849 | D:10     | Noticed a gargoyle
 13674 | D:10     | Killed a gargoyle
 13889 | D:10     | Found Plog's General Store.
 14084 | D:10     | Killed an unseen horror
 14447 | D:10     | Noticed a two-headed ogre
 14448 | D:10     | Reached skill level 8 in Invocations
 14458 | D:10     | Killed a two-headed ogre
 14494 | D:10     | Found a staircase to the Lair.
 14494 | D:10     | Received a gift from Nemelex Xobeh
 14603 | D:10     | Noticed a two-headed ogre
 15111 | D:10     | Killed a two-headed ogre
 15887 | Lair:1   | Entered Level 1 of the Lair of Beasts
 15891 | Lair:1   | Got a polished buckler
 15897 | Lair:1   | Identified the +1 buckler of Responsibility {rN+ MR++} (You found it on level 1 of the Lair of Beasts)
 15909 | Lair:1   | Noticed a black mamba
 15918 | Lair:1   | Killed a black mamba
 15962 | Lair:1   | Received a gift from Nemelex Xobeh
 15985 | Lair:1   | Reached XP level 11. HP: 68/81 MP: 13/17
 15989 | Lair:1   | Reached skill level 1 in Shields
 16139 | Lair:1   | Noticed a death yak
 16158 | Lair:1   | Killed a death yak
 16329 | Lair:1   | Reached ***** piety under Nemelex Xobeh
 16720 | Lair:1   | Reached skill level 9 in Invocations
 17206 | Lair:1   | Received a gift from Nemelex Xobeh
 17845 | Lair:2   | Noticed an orb spider
 17845 | Lair:2   | a shapeshifter changed into an orb spider
 17846 | Lair:2   | an orb spider changed into a shapeshifter
 18446 | Lair:2   | Reached skill level 10 in Unarmed Combat
 18595 | Lair:2   | Found a staircase to the Snake Pit.
 18856 | Lair:2   | Received a gift from Nemelex Xobeh
 19306 | Lair:2   | Received a gift from Nemelex Xobeh
 19565 | Lair:3   | Noticed Gorice's ghost (journeyman DsWn)
 19601 | Lair:3   | Noticed Sonja
 20281 | Lair:3   | Received a gift from Nemelex Xobeh
 20366 | Lair:2   | Reached skill level 10 in Invocations
 21109 | Lair:3   | Killed Gorice's ghost
 22183 | Lair:3   | Reached XP level 12. HP: 38/91 MP: 8/19
 22710 | Lair:3   | Killed Sonja
 22838 | Lair:3   | Received a gift from Nemelex Xobeh
 22991 | Lair:3   | Found a staircase to the Swamp.
 23508 | Lair:4   | Received a gift from Nemelex Xobeh
 23637 | Lair:4   | Noticed an eight-headed hydra
 23646 | Lair:4   | Noticed a five-headed hydra
 23647 | Lair:4   | Killed an eight-headed hydra
 23667 | Lair:4   | Noticed a spark wasp
 23667 | Lair:4   | a five-headed hydra changed into a spark wasp
 23671 | Lair:4   | Killed a spark wasp
 24062 | Lair:4   | Reached skill level 5 in Dodging
 24302 | Lair:4   | Received a gift from Nemelex Xobeh
 24346 | Lair:4   | HP: 4/93 [komodo dragon (6)]
 25273 | Lair:5   | Received a gift from Nemelex Xobeh
 25881 | Lair:5   | Reached ****** piety under Nemelex Xobeh
 26756 | Lair:5   | Received a gift from Nemelex Xobeh
 26785 | Lair:5   | Noticed a death yak
 26786 | Lair:5   | Noticed a death yak
 27348 | Lair:5   | Noticed a death yak
 27348 | Lair:5   | Noticed a death yak
 27360 | Lair:5   | Killed a death yak
 27369 | Lair:5   | You fall through a shaft!
 27369 | Lair:6   | Entered Level 6 of the Lair of Beasts
 27387 | Lair:6   | Reached skill level 11 in Invocations
 27451 | Lair:6   | Gained mutation: You are in touch with the powers of death. [Mummy growth]
 27451 | Lair:6   | Reached XP level 13. HP: 18/98 MP: 9/21
 27489 | Lair:6   | HP: 4/98 [seven-headed hydra (9)]
 27489 | Lair:6   | Slain by a seven-headed hydra

Vault maps used:
D:1:      scummos_arrival_star, minmay_hexomino_p4
D:2:      uniq_terence, uniq_natasha
D:3:      lemuel_round_altar, elyvilon_altar_4
D:4:      trog_eyes_of_draining, kennysheep_mini, grunt_temple_overflow_diamond,
          minmay_temple_entry_hall, serial_shops, shop, first_ration,
          interstate_on_off, uniq_menkaure
D:5:      serial_shops, shop, shop, shop, shop_coins
D:6:      cheibriados_altar_1, okawaru_trees_1
D:7:      lemuel_coloured_pillars_altar
D:9:      orc_0_dummy, grunt_ogre_cave
D:10:     lair_entry_dummy, serial_shops, nicolae_shop_waterfront,
          hangedman_corner_corridor
Temple:   nicolae_temple_hex_pool
Lair:1:   hangedman_lair_generics_rect
Lair:2:   dummy_snake_entry, grunt_megastairs_2, serial_bayou_shore_b
Lair:3:   nicolae_swamp_entry_splash_gauntlet, uniq_sonja
Lair:4:   infiniplex_staircase_pool_2
Lair:5:   bobbens_dragon_lair_wall, grunt_megastairs_3
Lair:6:   minmay_lair_end_frog_pond, slime_altar_2

Skill      XL: |  1  2  3  4  5  6  7  8  9 10 11 12 |
---------------+-------------------------------------+-----
Unarmed Combat | 3 4 5 6 8 9 10 | 10.9
Armour         | 1 2 4 5 6 7 |  7.0
Invocations    | 1 3 5 7 8 10 11 | 11.1
Fighting       | 4 5 6 7 8 |  8.2
Shields        | 4 |  4.0
Dodging        | 3 5 |  5.9
Stealth        | |  1.5

Action                   |  1- 3 |  4- 6 |  7- 9 | 10-12 | 13-15 || total
-------------------------+-------+-------+-------+-------+-------++-------
Melee: Unarmed           |   146 |   339 |   472 |   900 |     1 ||  1858
       Punch             |     3 |     4 |    17 |     7 |       ||    31
Throw: Stone             |       |       |       |     8 |       ||     8
Evoke: Deck              |       |       |    10 |    77 |     7 ||    94
       Wand              |       |       |    12 |    30 |     1 ||    43
  Use: Scroll            |       |       |     7 |     8 |     2 ||    17
 Stab: Sleeping          |     2 |     1 |       |       |       ||     3
       Petrified         |       |       |       |     7 |       ||     7
       Distracted        |       |       |       |     2 |       ||     2
       Confused          |       |       |       |     1 |       ||     1
Armor: Robe              |    23 |       |       |       |       ||    23
       Leather armour    |     5 |     6 |       |       |       ||    11
       Chain mail        |       |   122 |    73 |       |       ||   195
       Ring mail         |       |       |    96 |   205 |       ||   301
Dodge: Dodged            |    83 |   122 |   187 |   351 |     3 ||   746
Block: Buckler           |       |       |       |   152 |       ||   152

Table legend:
 A = Spawn XP
 B = Non-spawn XP
 C = Spawn XP percentage of total XP
 D = Spawn monster count
 E = Non-spawn monster count
 F = Spawn count percentage of total count
 G = Total turns spent on level
                    A         B        C        D         E        F      G
               +---------+---------+-------+---------+---------+-------+---------
         Total |       0 |   39177 |   0.0 |       0 |     358 |   0.0 | 27489
               +---------+---------+-------+---------+---------+-------+---------
           D:1 |       0 |      66 |   0.0 |       0 |      34 |   0.0 |  1599
           D:2 |       0 |     198 |   0.0 |       0 |      17 |   0.0 |  1803
           D:3 |       0 |     213 |   0.0 |       0 |      25 |   0.0 |  1414
           D:4 |       0 |     681 |   0.0 |       0 |      19 |   0.0 |  1671
           D:5 |       0 |     334 |   0.0 |       0 |      18 |   0.0 |  1198
           D:6 |       0 |    1001 |   0.0 |       0 |       9 |   0.0 |  1189
           D:7 |       0 |     546 |   0.0 |       0 |      18 |   0.0 |  1291
           D:8 |       0 |    1097 |   0.0 |       0 |      14 |   0.0 |   901
           D:9 |       0 |    2082 |   0.0 |       0 |      27 |   0.0 |  2849
          D:10 |       0 |    4145 |   0.0 |       0 |      36 |   0.0 |  1895
        Lair:1 |       0 |    4125 |   0.0 |       0 |      21 |   0.0 |  2265
        Lair:2 |       0 |    4468 |   0.0 |       0 |      26 |   0.0 |  3751
        Lair:3 |       0 |    4908 |   0.0 |       0 |      26 |   0.0 |  1776
        Lair:4 |       0 |    7127 |   0.0 |       0 |      27 |   0.0 |  2583
        Lair:5 |       0 |    4924 |   0.0 |       0 |      20 |   0.0 |  1107
        Lair:6 |       0 |    3262 |   0.0 |       0 |      21 |   0.0 |   120
               +---------+---------+-------+---------+---------+-------+---------
